 Dungeon Crawl Stone Soup version 0.31-a0-840-g6d2ecbb638 (webtiles) character file.

Game seed: 16221566107532048356

17787 BinkBink the Grappler (level 12, -9/127 HPs)
             Began as a Troll Berserker on Sept 27, 2023.
             Was a High Priest of Trog.
             Mangled by an enormous slime creature (48 damage)
             ... on level 12 of the Dungeon.
             The game lasted 00:21:23 (8582 turns).

BinkBink the Grappler (Troll Berserker)             Turns: 8582, Time: 00:21:23

Health: -9/127     AC:  7    Str: 32    XL:     12   Next: 22%
Magic:  20/20      EV: 14    Int:  3    God:    Trog [*****.]
Gold:   808        SH:  0    Dex: 13    Spells: 11/11 levels left

rFire   + +          .
                       - Unarmed
rCold   x . .        (no shield)
rNeg    . . .        B - +0 steam dragon scales
rPois   .            (helmet restricted)
rElec   .            (no cloak)
rCorr   .            (gloves unavailable)
SInv    .            (boots unavailable)
Will    .....        h - amulet of regeneration
Stlth   +            j - ring of Bev Jewa {Fire *Corrode MP+9 Dex+4 Slay+5}
HPRegen 2.01/turn    D - +4 ring of slaying
MPRegen 0.17/turn

%: corrode self (3%)
@: no status effects
A: large, unfitting armour, claws 3, regeneration 1, shaggy fur 1, tough skin 1,
fire resistance 1
a: Renounce Religion, Berserk, Trog's Hand, Brothers in Arms


You were on level 12 of the Dungeon.
You worshipped Trog.
Trog was extremely pleased with you.
You visited 1 branch of the dungeon, and saw 12 of its levels.
You also visited: Sewer.

You collected 808 gold pieces.

Inventory:

Missiles
 p - 4 throwing nets
Armour
 a - a +0 animal skin
 g - the +0 robe "Gosowneg" {rCorr}
   (You found it on level 2 of the Dungeon)

   rCorr:     It protects you from acid and corrosion.
 m - a +1 pair of gloves
 B - +0 steam dragon scales (worn)
 G - a +0 cloak
Jewellery
 h - an amulet of regeneration (around neck)
 j - the ring of Bev Jewa (left claw) {Fire *Corrode MP+9 Dex+4 Slay+5}
   (You found it on level 3 of the Dungeon)

   [ring of fire]

   Fire:      It enhances your fire magic.
   Dex+4:     It affects your dexterity (+4).
   Slay+5:    It affects your accuracy & damage with ranged weapons and melee
   (+5).
   rF+:       It protects you from fire.
   rC-:       It makes you vulnerable to cold.
   MP+9:      It affects your magic capacity (+9).
   *Corrode:  It may corrode you when you take damage.
 n - an amulet of faith
 r - an amulet of magic regeneration
 w - an amulet of guardian spirit
 C - a +6 ring of dexterity
 D - a +4 ring of slaying (right claw)
 J - an amulet of reflection
Wands
 x - a wand of roots (16)
 F - a wand of light (7)
Scrolls
 b - 3 scrolls of fear {unknown}
 c - 2 scrolls of amnesia {unknown}
 d - 3 scrolls of blinking {unknown}
 e - 3 scrolls of torment {unknown}
 k - 15 scrolls of identify {unknown}
 l - a scroll of vulnerability {unknown}
 o - 9 scrolls of teleportation {unknown}
 q - 4 scrolls of enchant armour {unknown}
 t - a scroll of noise {unknown}
 y - 2 scrolls of enchant weapon {unknown}
 I - a scroll of revelation {unknown}
 K - a scroll of immolation {unknown}
Potions
 f - 4 potions of heal wounds {unknown}
 i - 3 potions of mutation
 s - a potion of might {unknown}
 u - a potion of magic {unknown}
 v - 2 potions of curing
 z - 2 potions of enlightenment {unknown}
 A - a potion of lignification
 E - 2 potions of invisibility {unknown}
 H - a potion of resistance {unknown}
 L - a potion of degeneration {unknown}


   Skills:
 + Level 10.4 Fighting
 + Level 10.2 Dodging
 + Level 12.1 Unarmed Combat


You had 11 spell levels left.
You didn't know any spells.
Your spell library was empty.

Dungeon Overview and Level Annotations

Branches:
Dungeon (12/15)            Temple (0/1) D:5            Lair (0/5) D:8
    Orc (0/2) D:10          Sewer (visited)

Altars:
Ashenzari
Elyvilon
Fedhas
Makhleb
Nemelex Xobeh
Okawaru
Trog
Uskayaw
Vehumet
Wu Jian
Xom
Zin
The Shining One

Shops:
D:6 [=((   D:11 [

Annotations:
D:10 2 runed translucent doors
D:11 3 runed translucent doors, Pixllover's ghost, journeyman GrBe


Innate Abilities, Weirdness & Mutations

You are too large for most types of armour.
You have claws for hands.
Your natural rate of healing is unusually fast.
You are covered in fur. (AC +1)
You have tough skin. (AC +1)
Your flesh is heat resistant. (rF+)


Message History

The boulder beetle closely misses you.
You mangle the boulder beetle!!
The boulder beetle is severely wounded.
A large slime creature splits.
You completely miss the boulder beetle.
The boulder beetle is severely wounded.
The slime creature quivers.
The boulder beetle bites you but does no damage.
You claw the boulder beetle! Your claw misses the boulder beetle.
The boulder beetle is severely wounded.
The boulder beetle leaps!
You mangle the slime creature!!
The slime creature is heavily wounded.
Two slime creatures merge to form a large slime creature.
You claw the large slime creature!
The large slime creature is heavily wounded.
Two slime creatures merge to form a very large slime creature.
You claw the very large slime creature! x2
The very large slime creature is heavily wounded.
The very large slime creature closely misses you.
You eviscerate the very large slime creature!!!
The very large slime creature is severely wounded.
Two slime creatures merge to form an enormous slime creature.
You claw the enormous slime creature!
The enormous slime creature is severely wounded.
You barely miss the enormous slime creature.
The enormous slime creature is severely wounded.
The boulder beetle curls into a ball and begins rolling!
You scratch the enormous slime creature.
The enormous slime creature is severely wounded.
The enormous slime creature hits you!!!
Ouch! That really hurt!
You mangle the enormous slime creature!!
The enormous slime creature is severely wounded.
The enormous slime creature hits you!!!
* * * LOW HITPOINT WARNING * * *
You feel better.
The boulder beetle stops rolling and uncurls.
The enormous slime creature hits you!!!
You die...

...>......# ..........#
..........# ..........#
........°.# .°.......°##
........°.B# ####
.......○##J# ###..#
.......###@#####...##
......# #..##...#### ######
##.........## # #..........#
##### ##...#......#
....###### #....##.....#
#........#######....###....#
#.....##...........:###...##
.....########......>.###..#


You could see a boulder beetle and an enormous slime creature.

Vanquished Creatures
  Snorg (D:11)
  3 two-headed ogres
  2 boulder beetles (D:11)
  2 deep elf pyromancers
  An ugly thing (D:7)
  A manticore (D:10)
  A gargoyle (D:7)
  2 kobold demonologists (D:7)
  Jeremiah (D:9)
  A komodo dragon (D:8)
  2 trolls
  3 hornets
  A slime creature (D:7)
  A vampire (D:10)
  Sigmund (D:6)
  8 spriggans (D:11)
  A shadow (D:11)
  12 yaks
  A wraith (D:11)
  3 wyverns
  A basilisk (D:11)
  2 steam dragons
  2 vampire mosquitoes (D:10)
  2 water moccasins
  5 orc warriors
  2 ice beasts
  A black bear (D:8)
  3 ogres
  8 centaurs
  4 kobold brigands
  6 bullfrogs
  A necrophage (D:5)
  A scorpion (D:7)
  4 gnoll sergeants
  10 wights
  A killer bee (D:11)
  4 howler monkeys
  2 electric eels (D:8)
  3 jellies
  A lava snake (D:8)
  5 hounds
  11 orc priests
  4 gnoll boudas
  7 iguanas
  12 orc wizards
  A hound skeleton (D:5)
  19 adders
  22 gnolls
  3 river rats (Sewer)
  4 shadow imps
  An ufetubus (D:6)
  2 dart slugs
  34 orcs
  14 ball pythons
  6 bats
  12 endoplasms
  4 giant cockroaches
  3 hobgoblins
  11 jackals
  2 quokkas
  8 frilled lizards
  7 goblins
  24 kobolds
  12 rats
339 creatures vanquished.

Vanquished Creatures (others)
  An orc wizard (D:7)
  A gnoll (D:7)
2 creatures vanquished.

Grand Total: 341 creatures vanquished

Notes
Turn   | Place    | Note
-------+----------+-------------------------------------------
     0 | D:1      | BinkBink the Troll Berserker began the quest for the Orb.
     0 | D:1      | Reached XP level 1. HP: 22/22 MP: 0/0
   103 | D:1      | Reached XP level 2. HP: 26/29 MP: 1/1
   292 | D:1      | Reached ** piety under Trog
   307 | D:1      | Reached XP level 3. HP: 30/36 MP: 2/2
   539 | D:2      | Identified the +0 robe "Gosowneg" {rCorr}
   692 | D:2      | Reached XP level 4. HP: 45/45 MP: 3/3
  1012 | D:2      | Reached *** piety under Trog
  1174 | D:3      | Identified the ring of Bev Jewa {Fire *Corrode MP+9 Dex+4
                  | Slay+5}
  1264 | D:3      | Reached skill level 4 in Unarmed Combat
  1336 | D:3      | Reached XP level 5. HP: 53/53 MP: 4/4
  1351 | D:3      | Found a bloodstained altar of Trog.
  1601 | D:3      | Found a glowing silver altar of Zin.
  1601 | D:3      | Noticed an angel
  1795 | D:4      | Reached XP level 6. HP: 51/62 MP: 5/5
  1938 | D:4      | Reached skill level 5 in Unarmed Combat
  2001 | D:4      | Found a glowing drain.
  2005 | D:4      | Reached XP level 7. HP: 71/71 MP: 6/6
  2015 | Sewer    | Entered a sewer
  2027 | Sewer    | Reached **** piety under Trog
  2911 | D:5      | Entered Level 5 of the Dungeon
  2978 | D:5      | Reached skill level 5 in Fighting
  2988 | D:5      | Found a staircase to the Ecumenical Temple.
  2999 | D:5      | Reached skill level 6 in Unarmed Combat
  3032 | D:5      | Reached skill level 5 in Dodging
  3032 | D:5      | Reached XP level 8. HP: 80/80 MP: 7/7
  3198 | D:5      | Found the +3 greatsling "Punk" {acid, rCorr}
  3215 | D:5      | Found a burning altar of Makhleb.
  3464 | D:6      | Found a blossoming altar of Fedhas.
  3486 | D:6      | Gained mutation: Your flesh is heat resistant. (rF+)
                  | [potion of mutation]
  3493 | D:6      | Reached ***** piety under Trog
  3494 | D:6      | Reached skill level 7 in Unarmed Combat
  3532 | D:6      | Found Jopnos's Jewellery Shoppe.
  3564 | D:6      | Found a shimmering altar of Xom.
  3596 | D:6      | Reached XP level 9. HP: 55/91 MP: 8/8
  3636 | D:6      | Found Cionuagub's Armour Boutique.
  3894 | D:6      | Found a glowing golden altar of the Shining One.
  3894 | D:6      | Found a radiant altar of Vehumet.
  3960 | D:6      | Noticed Sigmund
  3980 | D:6      | Killed Sigmund
  4024 | D:6      | Found Joyh's Weapon Shop.
  4084 | D:6      | Found Dualy's Weapon Emporium.
  4176 | D:7      | Reached skill level 8 in Unarmed Combat
  4406 | D:7      | Noticed a kobold demonologist
  4410 | D:7      | Killed a kobold demonologist
  4420 | D:7      | Reached XP level 10. HP: 69/102 MP: 9/9
  4424 | D:7      | Reached skill level 9 in Unarmed Combat
  4455 | D:7      | Paralysed by a hornet for 2 turns
  4507 | D:7      | Noticed a cyan ugly thing
  4507 | D:7      | Noticed a gargoyle
  4508 | D:7      | Noticed a deep elf pyromancer
  4516 | D:7      | Killed a cyan ugly thing
  4519 | D:7      | Killed a gargoyle
  4590 | D:7      | Killed a deep elf pyromancer
  4957 | D:7      | Found an ornate altar of the Wu Jian Council.
  4960 | D:7      | You fall into a shaft and drop 1 floor!
  4987 | D:8      | Received a gift from Trog
  4992 | D:8      | Found a staircase to the Lair.
  4994 | D:8      | Reached skill level 10 in Unarmed Combat
  5039 | D:8      | Found a white marble altar of Elyvilon.
  5446 | D:8      | Found an iron altar of Okawaru.
  5631 | D:8      | Reached XP level 11. HP: 113/113 MP: 10/10
  5819 | D:9      | Noticed Jeremiah
  5914 | D:9      | Killed Jeremiah
  5930 | D:9      | Found a hide-covered altar of Uskayaw.
  6500 | D:10     | Entered Level 10 of the Dungeon
  6500 | D:10     | Noticed a two-headed ogre
  6506 | D:10     | Killed a two-headed ogre
  6524 | D:10     | Found a staircase to the Orcish Mines.
  6867 | D:10     | Found a large runed translucent door.
  6867 | D:10     | Found a large runed translucent door.
  6916 | D:10     | Found a broken altar of Ashenzari.
  7202 | D:11     | Reached skill level 11 in Unarmed Combat
  7238 | D:11     | Noticed Pixllover's ghost (journeyman GrBe)
  7239 | D:11     | Found a runed translucent gate.
  7239 | D:11     | Found a runed translucent gate.
  7239 | D:11     | Found a runed translucent gate.
  7239 | D:11     | Noticed a nine-headed hydra
  7240 | D:11     | Noticed a nine-headed hydra
  7336 | D:11     | Noticed a two-headed ogre
  7345 | D:11     | Killed a two-headed ogre
  7395 | D:11     | Received a gift from Trog
  7536 | D:11     | Noticed a two-headed ogre
  7538 | D:11     | Noticed a boulder beetle
  7542 | D:11     | Killed a two-headed ogre
  7563 | D:11     | Killed a boulder beetle
  7564 | D:11     | Reached skill level 10 in Fighting
  7619 | D:11     | Found the +5 robe of Night {Dark Will+ SInv}
  7692 | D:11     | Found Qiepso's Armour Shoppe.
  7789 | D:11     | Reached XP level 12. HP: 126/126 MP: 11/11
  7954 | D:11     | Noticed Snorg
  7959 | D:11     | Noticed a boulder beetle
  7960 | D:11     | Killed Snorg
  7961 | D:11     | Reached skill level 10 in Dodging
  7975 | D:11     | Killed a boulder beetle
  8077 | D:11     | Found a sparkling altar of Nemelex Xobeh.
  8204 | D:12     | Reached skill level 12 in Unarmed Combat
  8558 | D:12     | Noticed a boulder beetle
  8582 | D:12     | Mangled by an enormous slime creature

Illustrated notes

Levels and vault maps discovered:
D:1:      sevenhm_arrival_forest_fort_small_5, layout_basic
D:2:      layout_loops_ring, minmay_tiny_reverse_x
D:3:      layout_rooms, mainiacjoe_overflow_brackets, zin_angel
D:4:      layout_basic, portal_sewer_entry_c
D:5:      layout_cave_pools, makhleb_blood_cavern_becter,
          minmay_temple_entry_proselytizer, lightli_corner_chamber
D:6:      layout_gridville, mainiacjoe_overflow_paths,
          gammafunk_temple_overflow_pools, mainiacjoe_overflow_small_starburst,
          serial_shops, shop, shop, shop, shop, uniq_sigmund
D:7:      minmay_the_grid_triangle_9x9_rhombus_full
          [minmay_the_grid_triangle_9x9_wacky_v,
          minmay_the_grid_triangle_9x9_windchime,
          minmay_the_grid_triangle_9x9_negative_grid,
          minmay_the_grid_triangle_9x9_intruding_spiral,
          minmay_the_grid_triangle_9x9_cache,
          minmay_the_grid_triangle_9x9_longest,
          minmay_the_grid_triangle_9x9_limited_checkers,
          minmay_the_grid_triangle_9x9_prize_center], layout_rooms,
          mainiacjoe_overflow_concentric_impassable, enter_bailey_3
D:8:      layout_loops_cross, okawaru_gym_becter, elyvilon_altar_4,
          david_lair_shrubbed, kennysheep_cross_room, grunt_decor_arrowhead,
          kennysheep_decorative_pillar
D:9:      layout_loops_ring, old_standard_altar, uniq_jeremiah
D:10:     layout_cross, mainiacjoe_overflow_surrounded_room, orc_0_dummy,
          lightli_elemental_guards
D:11:     kb_forest_paths, layout_loops_ring, serial_shops,
          nicolae_shop_advertising_works [nicolae_subvault_shop_adworks],
          gammafunk_ghost_hydra_chop, minmay_statues_item,
          nemelex_spade_bored_becter, uniq_snorg
D:12:     layout_cave_pods, minmay_holes, kennysheep_generic_room_11

Skill      XL: |  1  2  3  4  5  6  7  8  9 10 11 12 |
---------------+-------------------------------------+-----
Fighting       | 3 4 5 6 7 8 10 | 10.4
Dodging        | 3 4 5 6 7 8 9 10 | 10.2
Unarmed Combat | 4 5 6 7 8 10 11 12 | 12.1

Action                     |  1- 3 |  4- 6 |  7- 9 | 10-12 || total
---------------------------+-------+-------+-------+-------++-------
  Melee: Unarmed           |    88 |   119 |   248 |   379 ||   834
         Punch             |       |       |     8 |    30 ||    38
 Invoke: Trog's Hand       |       |       |     1 |       ||     1
    Use: Potion            |       |       |     3 |     4 ||     7
   Stab: Sleeping          |     2 |     2 |     1 |       ||     5
 Armour: Animal skin       |    53 |       |       |       ||    53
         Robe              |     4 |    58 |   128 |       ||   190
         Skin              |       |       |     5 |    22 ||    27
         Steam dragon scal |       |       |     8 |   248 ||   256
  Dodge: Dodged            |    37 |    58 |   115 |   165 ||   375

Table legend: (Time is in decaauts)
 A = Elapsed time spent in this place.
 B = Non-inter-level travel time spent in this place.
 C = Inter-level travel time spent in this place.
 D = Time resting spent in this place.
 E = Time spent auto-exploring this place.
 F = Levels seen in this place.
 G = Mean time per level.
                   A        B        C        D        E       F      G
               +--------+--------+--------+--------+--------+-----+--------+
         Total |   8473 |   8316 |    157 |      0 |   6094 |  13 |  651.8 |
       Dungeon |   7976 |   7819 |    157 |      0 |   5686 |  12 |  664.7 |
         Sewer |    497 |    497 |      0 |      0 |    408 |   1 |  497.0 |
               +--------+--------+--------+--------+--------+-----+--------+

Top non-repeatable levels by time:
    D:11: 912 daAuts
     D:8: 859 daAuts
     D:7: 783 daAuts
     D:4: 707 daAuts
     D:6: 704 daAuts
    D:10: 676 daAuts
     D:2: 665 daAuts
     D:9: 660 daAuts
     D:3: 555 daAuts
     D:5: 535 daAuts
   Sewer: 497 daAuts
     D:1: 464 daAuts
    D:12: 451 daAuts
